 Dungeon Crawl Stone Soup version 0.27-a0-1278-g6cbc8dfb29 (webtiles) character file.

Game seed: 11556409632733757197

224 avis the Grave Robber (level 5, -9/42 HPs)
             Began as a Deep Dwarf Necromancer on June 12, 2021.
             Killed from afar by Ijyb (16 damage)
             ... with a bolt of acid
             ... on level 4 of the Dungeon.
             The game lasted 00:21:11 (4058 turns).

avis the Grave Robber (Deep Dwarf Necromancer)      Turns: 4058, Time: 00:21:11

Health: -9/42      AC:  6    Str: 12    XL:     5   Next: 67%
Magic:  9/9        EV: 12    Int: 16    God:
Gold:   118        SH:  0    Dex: 13    Spells: 6/10 levels left

rFire    . . .     SeeInvis .   a - +3 hand axe (venom)
rCold    . . .     Faith    .   (no shield)
rNeg     . . .     Spirit   .   z - +0 leather armour
rPois    .         Reflect  .   C - +1 helmet
rElec    .         Harm     .   (no cloak)
rCorr    .         Rampage  .   j - +0 pair of gloves
Will     .....                  (no boots)
Stlth    ++........             (no amulet)
HPRegen  0.00/turn              (no ring)
MPRegen  0.11/turn              (no ring)

@: no status effects
A: damage resistance, heal wounds, sense surroundings 1, no regeneration
a: Heal Wounds


You were on level 4 of the Dungeon.
You visited 1 branch of the dungeon, and saw 4 of its levels.

You collected 118 gold pieces.

Inventory:

Hand Weapons
 a - a +3 hand axe of venom (weapon)
 b - a +0 hunting sling
 e - a +0 hand axe
 i - a +0 whip
 l - a +0 short sword
 m - a +0 battleaxe
 u - a +1 vorpal trident
 y - a +1 dagger of venom
Missiles
 h - 116 stones
 n - 10 arrows
 o - 8 poisoned darts
 v - 8 javelins
 x - 22 sling bullets
Armour
 j - a +0 pair of gloves (worn)
 z - a +0 leather armour (worn)
 A - a +0 scale mail
 C - a +1 helmet (worn)
Magical Staves
 p - a staff of fire
Wands
 B - a wand of paralysis (9)
Scrolls
 c - 2 scrolls of immolation
 d - a scroll of holy word {unknown}
 f - a scroll of brand weapon {unknown}
 s - 2 scrolls of summoning {unknown}
 t - 2 scrolls of teleportation {unknown}
 w - a scroll of noise {unknown}
Potions
 g - a potion of berserk rage {unknown}
 q - a potion of attraction {unknown}
 r - a potion of brilliance {unknown}


   Skills:
 - Level 2.1 Dodging
 + Level 2.8 Stealth
 - Level 3.0 Spellcasting
 * Level 6.9 Necromancy


You had 6 spell levels left.
You knew the following spells:

 Your Spells              Type           Power      Damage    Failure   Level
a - Pain                  Necr           96%        1d8       1%          1
d - Vampiric Draining     Necr           12%        2d7       4%          3

Your spell library contained the following spells:

 Spells                   Type           Power      Damage    Failure   Level
 Animate Skeleton         Necr           48%        N/A       1%          1
 Animate Dead             Necr           12%        N/A       14%         4
 Magic Dart               Conj           8%         1d3       24%         1
 Blink                    Tloc           N/A        N/A       34%         2
 Call Imp                 Summ           2%         N/A       34%         2
 Slow                     Hex            2%         N/A       34%         2
 Agony                    Necr           24%        N/A       36%         5
 Conjure Flame            Conj/Fire      2%         6-21      56%         3
 Mephitic Cloud           Conj/Pois/Air  2%         N/A       56%         3
 Borgnjor's Vile Clutch   Necr/Erth      6%         N/A       85%         5
 Death Channel            Necr           12%        N/A       91%         6
 Simulacrum               Ice/Necr       6%         N/A       100%        6


Dungeon Overview and Level Annotations

Branches:
Dungeon (4/15)
 Temple: D:4-7

Altars:
Uskayaw

Shops:
D:1 (   D:2 [

Annotations:
D:4 Ijyb


Innate Abilities, Weirdness & Mutations

You are resistant to damage.
You can heal yourself by infusing magical energy.
You passively map a small area around you.
You do not regenerate.


Message History

Casting: Pain (safe; 1% risk of failure)
Confirm with . or Enter, or press ? or * to list all spells.
Aiming: Pain (safe; 1% risk of failure)
Press: ? - help, Shift-Dir - straight line, f/p - Robin
Aim: Robin, wielding a +0 falchion, wearing a +0 animal skin and wearing a +1 helmet (severely wounded, chance to affect: 88%) Robin writhes in agony.
You slash Robin!
You kill Robin!
Casting: Pain (safe; 1% risk of failure)
Confirm with . or Enter, or press ? or * to list all spells.
Aiming: Pain (safe; 1% risk of failure)
Press: ? - help, Shift-Dir - straight line, f - goblin
Aim: a goblin, wielding a +0 dagger (strong, chance to affect: 93%)
The goblin writhes in agony.
You kill the goblin!
Things that are here:
a +0 falchion; a +0 animal skin; a +1 helmet
C - a +1 helmet You start putting on your armour.
You continue putting on your +1 helmet. x4
You finish putting on your +1 helmet.
Drop what? 29/52 slots (_ for help) (? for menu, Esc to quit)
You drop a +0 robe.
You start resting.
Magic restored.
You see here a +0 dagger.
Items here: )) ÷÷÷.
Things that are here:
a hobgoblin skeleton; a hobgoblin skeleton
There is an open door here.
You open the door.
Ijyb the Twisted Goblin comes into view.
She is wielding a +0 dagger and carrying a wand of acid (6).
Ijyb shouts!
Found a stone staircase leading down.
You close the door.
Ijyb zaps a wand.
The bolt of acid hits you!!
Ouch! That really hurt!
You are splashed with acid!
* * * LOW HITPOINT WARNING * * *
Ijyb zaps a wand.
The bolt of acid hits you!!
You die...

,.......<[.......# , *
, ................#
.........)......# ,
##+###########).....#
.............#÷.....#
.............#......#
.............g......#
#............#......#
#..........@.#......#
#............+......#
,#............#......#
,
#+######+#####......#
,.... ,,.......#
,....... .#######
,..........
...........
..........g.*


You could see Ijyb.

Vanquished Creatures
  A jelly (D:4)
  An orc wizard (D:3)
  Robin (D:4)
  6 adders
  A worm (D:1)
  A dart slug (D:1)
  9 orcs
  4 endoplasms
  4 giant cockroaches
  10 hobgoblins
  6 jackals (D:1)
  A quokka (D:2)
  3 ball pythons
  4 bats
  15 goblins
  11 kobolds
  A rat (D:2)
79 creatures vanquished.

Notes
Turn   | Place    | Note
-------+----------+-------------------------------------------
     0 | D:1      | avis the Deep Dwarf Necromancer began the quest for the
                  | Orb.
     0 | D:1      | Reached XP level 1. HP: 15/15 MP: 3/3
   265 | D:1      | Found a faded altar of an unknown god.
   361 | D:1      | Reached XP level 2. HP: 19/22 MP: 3/5
   408 | D:1      | Found Vunibie's Antique Weapon Shoppe.
   778 | D:1      | Reached skill level 5 in Necromancy
  1216 | D:1      | Reached XP level 3. HP: 11/28 MP: 1/6
  1220 | D:1      | Learned a level 3 spell: Vampiric Draining
  1532 | D:2      | Found Sufucuer's Antique Armour Shoppe.
  1806 | D:2      | Found a hide-covered altar of Uskayaw.
  2431 | D:3      | Reached XP level 4. HP: 36/36 MP: 4/7
  2604 | D:2      | Reached skill level 6 in Necromancy
  3110 | D:3      | Reached XP level 5. HP: 42/42 MP: 6/9
  3687 | D:4      | Noticed Robin
  3998 | D:4      | Killed Robin
  4045 | D:4      | Noticed Ijyb
  4058 | D:4      | Killed from afar by Ijyb

Illustrated notes

Levels and vault maps discovered:
D:1:      dpeg_arrival_line_fractal, layout_basic, serial_shops,
          nicolae_shop_trees, hellmonk_ecumenical_altar_blasted,
          minmay_tetromino_t2
D:2:      layout_loops_ring, serial_shops, nicolae_shop_stone, basic_altar
D:3:      layout_rooms
D:4:      layout_gridville, minmay_temple_entry_enclosed_plants, uniq_duvessa,
          uniq_sigmund, uniq_ijyb, uniq_grinder, uniq_robin

Skill      XL: |  1  2  3  4  5 |
---------------+----------------+-----
Spellcasting   | 2 3 |  3.0
Necromancy     | 5 6 |  6.9
Dodging        | |  2.1
Stealth        | |  2.8

Action                   |  1- 3 |  4- 6 || total
-------------------------+-------+-------++-------
Melee: Unarmed           |     1 |       ||     1
       Short sword       |     3 |       ||     3
       Dagger            |    13 |    12 ||    25
       Hand axe          |       |    18 ||    18
 Cast: Pain              |    56 |    47 ||   103
       Vampiric Draining |    10 |    15 ||    25
 Stab: Sleeping          |     2 |     1 ||     3
Armor: Robe              |     8 |     1 ||     9
       Leather armour    |       |     6 ||     6
Dodge: Dodged            |    28 |    34 ||    62

Table legend: (Time is in decaauts)
 A = Elapsed time spent in this place.
 B = Non-inter-level travel time spent in this place.
 C = Inter-level travel time spent in this place.
 D = Time resting spent in this place.
 E = Time spent auto-exploring this place.
 F = Levels seen in this place.
 G = Mean time per level.
                   A        B        C        D        E       F      G
               +--------+--------+--------+--------+--------+-----+--------+
         Total |   4081 |   3913 |    168 |   1831 |   1235 |   4 | 1020.2 |
       Dungeon |   4081 |   3913 |    168 |   1831 |   1235 |   4 | 1020.2 |
               +--------+--------+--------+--------+--------+-----+--------+

Top non-repeatable levels by time:
     D:3: 1381 daAuts
     D:1: 1306 daAuts
     D:2: 1213 daAuts
     D:4: 180 daAuts
